 Dungeon Crawl Stone Soup version 0.22-b1-26-g9dbaab1112 (webtiles) character file.

3163 Kirk the Destroyer (level 9, 0/57 HPs)
             Began as a Demonspawn Wizard on Aug 9, 2018.
             Was an Initiate of Vehumet.
             Slain by Joseph
             ... wielding a +0 quarterstaff
              (8 damage)
             ... on level 8 of the Dungeon.
             The game lasted 00:21:18 (8292 turns).

Kirk the Destroyer (Demonspawn Wizard)              Turns: 8292, Time: 00:21:19

Health: 0/57       AC: 14    Str:  6    XL:     9   Next: 63%
Magic:  7/20       EV: 12    Int: 23    God:    Vehumet [......]
Gold:   151        SH:  0    Dex: 13    Spells: 12/23 levels left

rFire    + . .     SeeInvis +   j - +2 rapier (protect)
rCold    . . .     Gourm    .   (no shield)
rNeg     . . .     Faith    .   a - +0 robe
rPois    .         Spirit   .   b - +1 hat
rElec    .         Reflect  .   e - +0 cloak {MR+}
rCorr    .         Harm     .   (no gloves)
MR       ++...     Clarity  +   (no boots)
Stlth    ++........             (no amulet)
HPRegen  0.19/turn              q - ring of wizardry
MPRegen  0.17/turn              t - ring of see invisible

@: protection aura
A: claws 1, molten scales 2, agile 1, clarity, fire resistance 1, magic
resistance 1, spiny 1, weak 1, flame cloud immunity
a: Renounce Religion


You were on level 8 of the Dungeon.
You worshipped Vehumet.
Vehumet was noncommittal.
You were not hungry.

You visited 2 branches of the dungeon, and saw 9 of its levels.

You collected 346 gold pieces.
You spent 195 gold pieces at shops.

Inventory:

Hand Weapons
 j - a +2 rapier of protection (weapon)
Missiles
 x - 69 poisoned needles
 z - 2 throwing nets (quivered)
Armour
 a - a +0 robe (worn)
 b - a +1 hat (worn)
 c - a +1 ring mail of poison resistance
 e - a +0 cloak of magic resistance (worn)
 h - a +0 helmet
 u - a cursed +0 leather armour
Jewellery
 f - an uncursed ring of positive energy
 q - a ring of wizardry (left claw)
 t - a ring of see invisible (right claw)
Scrolls
 g - a scroll of blinking
 o - 2 scrolls of magic mapping
 v - a scroll of teleportation
 w - a scroll of enchant armour
 y - a scroll of remove curse
Potions
 k - 3 potions of haste
 m - a potion of cancellation
 n - a potion of magic
 p - a potion of might
 r - a potion of berserk rage {unknown}
 s - a potion of flight {unknown}
Comestibles
 d - 11 rations


   Skills:
 + Level 4.3 Short Blades
 - Level 1.7 Dodging
 - Level 1.7 Stealth
 + Level 7.8 Spellcasting
 * Level 9.8 Conjurations
   Level 1.0 Summonings
 + Level 0.8 Translocations
 + Level 1.1 Fire Magic


You had 12 spell levels left.
You knew the following spells:

 Your Spells              Type           Power        Failure   Level  Hunger
a - Magic Dart            Conj           ####         1%          1    None
b - Blink                 Tloc           N/A          3%          2    None
c - Conjure Flame         Conj/Fire      ####....     1%          3    None
d - Mephitic Cloud        Conj/Pois/Air  ###.....     2%          3    None
e - Slow                  Hex            #.......     4%          2    None

Your spell library contained the following spells:

 Spells                   Type           Power        Failure   Level  Hunger
 Call Imp                 Summ           ##......     2%          2    None


Dungeon Overview and Level Annotations

Branches:
Dungeon (8/15)             Temple (1/1) D:7
   Lair: D:8-11

Altars:
Ashenzari
Cheibriados
Elyvilon
Fedhas
Gozag
Hepliaklqana
Kikubaaqudgha
Makhleb
Nemelex Xobeh
Okawaru
Qazlal
Uskayaw
Vehumet
Xom
Yredelemnul
Zin
The Shining One

Shops:
D:5 =

Annotations:
D:4 1 runed door
D:8 Joseph


Innate Abilities, Weirdness & Mutations

You are mostly covered in molten scales. (AC +3)
Your flesh is heat resistant. (rF+)
You are partially covered in sharp spines.
You are immune to clouds of flame.
You have sharp fingernails.
You are agile. (Dex +2)
You possess an exceptional clarity of mind.
You are resistant to hostile enchantments. (MR+)
You are weak. (Str -2)


Message History

Aiming: Magic Dart (safe; 1% risk of failure)
Press: ? - help, Shift-Dir - straight line, f/p - Joseph
Aim: Joseph, wielding a quarterstaff and wearing a runed ring mail (flame, severely wounded, unusually resistant)
The magic dart hits Joseph.
Joseph is severely wounded.
Casting: Magic Dart (safe; 1% risk of failure)
Confirm with . or Enter, or press ? or * to list all spells.
Aiming: Magic Dart (safe; 1% risk of failure)
Press: ? - help, Shift-Dir - straight line, f/p - Joseph
Aim: Joseph, wielding a quarterstaff and wearing a runed ring mail (flame, severely wounded, unusually resistant)
The magic dart hits Joseph.
Joseph is severely wounded.
Joseph is engulfed in blazing flames.
Joseph hits you with an uncursed quarterstaff.
* * * LOW HITPOINT WARNING * * *
You hit Joseph.
Joseph is severely wounded.
Joseph is engulfed in blazing flames.
Joseph hits you with an uncursed quarterstaff!
You die...

## .# ..# #... ...###
#####.!.. ......##
#........
.......######..o.....
... ...............
#h####..#......<..
#.(@@....<......Z.
#######.........@(
##.รท.....[..
###...##... ##..# #.
..# #.# .. ###


You could see Joseph and a jackal.

Vanquished Creatures
  Harold (D:7)
  Pikel (D:5)
  A hippogriff (D:5)
  A phantom (D:7)
  2 black bears
  3 ice beasts
  A slave (D:5)
  2 centaurs
  A bullfrog (D:6)
  A water moccasin skeleton (D:5)
  4 wights (D:7)
  A howler monkey (D:5)
  A crimson imp (D:6)
  A bullfrog zombie (D:7)
  Crazy Yiuf (D:4)
  A bullfrog skeleton (D:4)
  A hound (D:5)
  5 orc wizards (D:6)
  2 orc priests (D:3)
  An iguana (D:6)
  Natasha (thrice) (D:3)
  5 worker ants
  A hound zombie (D:5)
  A howler monkey zombie (D:6)
  A worker ant zombie (D:6)
  7 adders
  3 shadow imps
  2 oozes
  2 adder skeletons
  A worm (D:3)
  3 dart slugs
  5 leopard geckos
  15 orcs
  2 ball pythons
  4 bats
  8 giant cockroaches
  9 goblins
  A hobgoblin (D:1)
  8 jackals
  5 quokkas
  12 frilled lizards
  2 jackal skeletons
  7 kobolds
  A kobold zombie (D:4)
  A quokka skeleton (D:4)
  6 rats
147 creatures vanquished.

Vanquished Creatures (others)
  A jelly (D:7)
1 creature vanquished.

Grand Total: 148 creatures vanquished

Notes
Turn   | Place    | Note
-------+----------+-------------------------------------------
     0 | D:1      | Kirk the Demonspawn Wizard began the quest for the Orb.
     0 | D:1      | Reached XP level 1. HP: 13/13 MP: 4/4
   320 | D:1      | Gained mutation: Your flesh is heat resistant. (rF+) [demonic ancestry]
   320 | D:1      | Reached XP level 2. HP: 9/19 MP: 0/6
  1132 | D:2      | Gained mutation: You are partially covered in molten scales. (AC +2) [demonic ancestry]
  1132 | D:2      | Reached XP level 3. HP: 24/24 MP: 2/8
  1730 | D:2      | Reached skill level 2 in Conjurations
  2156 | D:3      | Reached XP level 4. HP: 30/30 MP: 5/10
  2421 | D:3      | Found a blossoming altar of Fedhas.
  2453 | D:3      | Noticed Natasha
  2471 | D:3      | Gained mutation: Your flesh is cold resistant. (rC+) [potion of mutation]
  2471 | D:3      | Gained mutation: You are resistant to hostile enchantments. (MR+) [potion of mutation]
  2471 | D:3      | Gained mutation: Scrolls take you a little longer to read. [potion of mutation]
  2471 | D:3      | Gained mutation: You have a pair of small antennae on your head. [potion of mutation]
  2480 | D:3      | Killed Natasha
  2631 | D:3      | Noticed Natasha
  2644 | D:3      | Reached skill level 3 in Conjurations
  2835 | D:3      | Killed Natasha
  2835 | D:3      | Reached XP level 5. HP: 24/35 MP: 2/11
  2886 | D:3      | Noticed Natasha
  2893 | D:3      | Killed Natasha
  3141 | D:3      | Reached skill level 4 in Conjurations
  3442 | D:4      | Learned a level 2 spell: Blink
  3446 | D:4      | Learned a level 3 spell: Conjure Flame
  3450 | D:4      | Learned a level 3 spell: Mephitic Cloud
  3453 | D:4      | Learned a level 2 spell: Slow
  3478 | D:4      | Found a runed door.
  3478 | D:4      | Noticed a human
  3660 | D:4      | Reached skill level 5 in Spellcasting
  3698 | D:4      | Found a runed door.
  3727 | D:4      | Noticed Crazy Yiuf
  3734 | D:4      | Killed Crazy Yiuf
  3734 | D:4      | Gained mutation: You are immune to clouds of flame. [demonic ancestry]
  3734 | D:4      | Reached XP level 6. HP: 41/41 MP: 3/13
  3928 | D:4      | Lost mutation: Scrolls take you a little longer to read. [potion of mutation]
  3928 | D:4      | Lost mutation: You have a pair of small antennae on your head. [potion of mutation]
  3928 | D:4      | Lost mutation: Your flesh is cold resistant. (rC+) [potion of mutation]
  3928 | D:4      | Gained mutation: You are agile. (Dex +2) [potion of mutation]
  3928 | D:4      | Gained mutation: You possess an exceptional clarity of mind. [potion of mutation]
  3928 | D:4      | Gained mutation: You are weak. (Str -2) [potion of mutation]
  3928 | D:4      | Gained mutation: You have sharp fingernails. [potion of mutation]
  4243 | D:4      | Found a basalt altar of Yredelemnul.
  4421 | D:5      | Entered Level 5 of the Dungeon
  4500 | D:5      | Noticed a hippogriff
  4519 | D:5      | Killed a hippogriff
  4519 | D:5      | Reached skill level 5 in Conjurations
  4519 | D:5      | Gained mutation: You are mostly covered in molten scales. (AC +3) [demonic ancestry]
  4519 | D:5      | Reached XP level 7. HP: 44/46 MP: 10/15
  4731 | D:5      | Reached skill level 1 in Short Blades
  4818 | D:5      | Reached skill level 6 in Conjurations
  4960 | D:5      | Found Kiqe Tio's Jewellery Shoppe.
  4968 | D:5      | Bought an uncursed ring of see invisible for 195 gold pieces
  5127 | D:5      | Noticed Pikel
  5179 | D:5      | Killed Pikel
  5179 | D:5      | Reached skill level 7 in Conjurations
  5179 | D:5      | Reached XP level 8. HP: 37/52 MP: 0/17
  5793 | D:6      | Reached skill level 1 in Fire Magic
  5850 | D:6      | Found a glowing silver altar of Zin.
  6068 | D:6      | Reached skill level 8 in Conjurations
  6466 | D:7      | Gained mutation: You are partially covered in sharp spines. [demonic ancestry]
  6466 | D:7      | Reached XP level 9. HP: 42/57 MP: 8/19
  7349 | D:7      | Noticed Harold
  7402 | D:7      | Killed Harold
  7402 | D:7      | Reached skill level 9 in Conjurations
  7683 | D:7      | Found a staircase to the Ecumenical Temple.
  7987 | Temple   | Entered the Ecumenical Temple
  8040 | Temple   | Became a worshipper of Vehumet
  8260 | D:8      | Noticed Joseph
  8292 | D:8      | Slain by Joseph

Skill      XL: |  1  2  3  4  5  6  7  8  9 |
---------------+----------------------------+-----
Spellcasting   | 4 5 6 7 |  7.8
Conjurations   | 2 3 4 5 7 8 9 |  9.8
Short Blades   | 2 3 4 |  4.3
Fire Magic     | 1 |  1.1
Dodging        | |  1.7
Stealth        | |  1.7
Summonings     | |  1.0
Translocations | |  0.8

Action                   |  1- 3 |  4- 6 |  7- 9 || total
-------------------------+-------+-------+-------++-------
Melee: Short sword       |    48 |    37 |       ||    85
       Rapier            |       |    11 |   129 ||   140
Throw: Throwing net      |       |       |     1 ||     1
 Cast: Magic Dart        |   112 |   134 |   228 ||   474
       Mephitic Cloud    |       |     1 |    14 ||    15
       Conjure Flame     |       |     2 |    13 ||    15
       Slow              |       |       |     3 ||     3
       Blink             |       |       |     1 ||     1
  Use: Scroll            |     6 |     6 |     3 ||    15
       Potion            |       |     5 |     1 ||     6
 Stab: Sleeping          |     1 |       |     1 ||     2
       Confused          |       |       |     5 ||     5
       Held in net/web   |       |       |     1 ||     1
  Eat: Chunk             |     4 |     6 |    10 ||    20
       Ration            |       |       |     1 ||     1
Armor: Robe              |    14 |    15 |    47 ||    76
       Skin              |       |     6 |       ||     6
Dodge: Dodged            |    60 |    43 |    80 ||   183
